 Dungeon Crawl Stone Soup version 0.27.1-34-g3ba077fa99 (webtiles) character file.

Game seed: 10068364387860903016

299813 chmiii the Warrior (level 21, -5/186 HPs)
             Began as a Merfolk Gladiator on Jan 23, 2022.
             Was a High Priest of Ashenzari.
             Slain by a vault warden (13 damage)
             ... while petrified by an ancient lich
             ... on level 3 of the Vaults on Jan 24, 2022.
             The game lasted 05:50:02 (43463 turns).

chmiii the Warrior (Merfolk Gladiator)             Turns: 43463, Time: 05:50:02

Health: -5/186     AC: 14    Str: 24    XL:     21   Next: 0%
Magic:  0/38       EV:  2    Int: 16    God:    Ashenzari [*****.]
Gold:   1036       SH:  0    Dex: 24    Spells: 44/46 levels left

rFire    + . .     SeeInvis +   a - +10 demon trident of the Devouring Spider {drain, rElec rF+ Str-5}
rCold    + + .     Faith    .   w - +0 kite shield of the Lashed Augur {Fort, Cun} (curse)
rNeg     + + +     Spirit   +   S - +4 troll leather armour "Gaze Upon Infinity" {Regen+, Snorg, Fort, Self} (curse)
rPois    ∞         Reflect  .   Z - +1 hat of Desmomancy {Stlth+, Evo, Elem} (curse)
rElec    +         Harm     .   D - +0 cloak "Ordeal of Ashenzari" {Cun, Melee} (curse)
rCorr    .         Rampage  .   q - +0 pair of gloves "Chained Together" {rC++ Str+7, Melee, Cun} (curse)
Will     +....     Clarity  +   h - +0 pair of boots "Lifelessness of the Sky" {Self, Range} (curse)
Stlth    +++++++++.             z - amulet of the Enigmatic Negation {Spirit, Cun, Fort} (curse)
HPRegen  1.41/turn              u - ring of the Sky {EV+4, Self, Fort} (curse)
MPRegen  0.26/turn              R - ring of the Oracular Adversity {rPois Int+6 Dex+9, Fort, Comp} (curse)

@: petrified
A: (nimble swimmer 2), mertail
}: 2/15 runes: barnacled, gossamer
a: Renounce Religion, Curse Item, Shatter the Chains


You were on level 3 of the Vaults.
You worshipped Ashenzari.
Ashenzari was extremely pleased with you.
You visited 7 branches of the dungeon, and saw 35 of its levels.
You also visited: Sewer and Ossuary.

You collected 3812 gold pieces.
You spent 2776 gold pieces at shops.

Inventory:

Hand Weapons
 a - the +10 demon trident of the Devouring Spider (weapon) {drain, rElec rF+ Str-5}
   (You acquired it in an ossuary)

   A truly terrible weapon, it drains the life of any living foe it strikes.
   Str:       It affects your strength (-5).
   rF:        It protects you from fire.
   rElec:     It insulates you from electricity.
 b - the +3 dagger of Invincibility {vorpal, rElec rPois Will+ Dex-5}
   (You found it on level 2 of the Vaults)

   It inflicts extra damage upon your enemies.
   Dex:       It affects your dexterity (-5).
   rElec:     It insulates you from electricity.
   rPois:     It protects you from poison.
   Will:      It increases your willpower.
 v - a +2 fustibalus of flaming
 W - a +6 trident of venom
Missiles
 d - 12 throwing nets
 g - 14 silver javelins
 j - 8 datura-tipped darts
 o - 218 sling bullets
 s - 100 poisoned darts (quivered)
 y - 13 curare-tipped darts
 F - 10 silver boomerangs
 H - 11 atropa-tipped darts
 Y - 15 boomerangs of dispersal
Armour
 h - the cursed +0 pair of boots "Lifelessness of the Sky" (worn) {Self, Range}
   (You found it on level 1 of the Lair of Beasts)

   It has a curse which improves the following skills: Introspection: Fighting
   and Spellcasting.
   Ranged Combat: Slings, Bows, Crossbows and Throwing.
 q - the cursed +0 pair of gloves "Chained Together" (worn) {rC++ Str+7, Melee, Cun}
   (You found it on level 4 of the Dungeon)

   Str:       It affects your strength (+7).
   rC:        It greatly protects you from cold.
   It has a curse which improves the following skills: Melee Combat: Short
   Blades, Long Blades, Axes, Maces & Flails, Polearms, Staves and Unarmed
   Combat.
   Cunning:   Dodging and Stealth.
 w - the cursed +0 kite shield of the Lashed Augur (worn) {Fort, Cun}
   (You found it on level 4 of the Dungeon)

   It has a curse which improves the following skills: Fortitude: Armour and
   Shields.
   Cunning:   Dodging and Stealth.
 D - the cursed +0 cloak "Ordeal of Ashenzari" (worn) {Cun, Melee}
   (You took it off Crazy Yiuf on level 6 of the Dungeon)

   It has a curse which improves the following skills: Cunning: Dodging and
   Stealth.
   Melee Combat: Short Blades, Long Blades, Axes, Maces & Flails, Polearms,
   Staves and Unarmed Combat.
 S - the cursed +4 troll leather armour "Gaze Upon Infinity" (worn) {Regen+, Snorg, Fort, Self}
   (You found it on level 4 of the Lair of Beasts)

   Regen:     It increases your rate of health regeneration.
   It has a curse which improves the following skills: Fortitude: Armour and
   Shields.
   Introspection: Fighting and Spellcasting.
 Z - the cursed +1 hat of Desmomancy (worn) {Stlth+, Evo, Elem}
   (You found it on level 10 of the Dungeon)

   It has a curse which improves the following skills: Evocations: Evocations.
   Elements:  Fire Magic, Ice Magic, Air Magic and Earth Magic.
Jewellery
 u - the cursed ring of the Sky (left hand) {EV+4, Self, Fort}
   (You found it on level 12 of the Dungeon)

   [ring of evasion]

   EV:        It affects your evasion (+4).
   It has a curse which improves the following skills: Introspection: Fighting
   and Spellcasting.
   Fortitude: Armour and Shields.
 z - the cursed amulet of the Enigmatic Negation (around neck) {Spirit, Cun, Fort}
   (You found it on level 4 of the Lair of Beasts)

   [amulet of guardian spirit]

   It causes incoming damage to be divided between your reserves of health and
   magic.
   It has a curse which improves the following skills: Cunning: Dodging and
   Stealth.
   Fortitude: Armour and Shields.
 B - a +6 ring of dexterity
 J - an amulet of the acrobat
 R - the cursed ring of the Oracular Adversity (right hand) {rPois Int+6 Dex+9, Fort, Comp}
   (You bought it in a shop on level 3 of the Shoals)

   [ring of intelligence]

   Int:       It affects your intelligence (+6).
   Dex:       It affects your dexterity (+9).
   rPois:     It protects you from poison.
   It has a curse which improves the following skills: Fortitude: Armour and
   Shields.
   Companions: Summonings and Necromancy.
Wands
 c - a wand of acid (8)
 r - a wand of digging (24)
 K - a wand of iceblast (51)
 Q - a wand of paralysis (33)
 V - a wand of mindburst (22)
Scrolls
 f - 7 scrolls of fog
 l - a scroll of silence
 p - 16 scrolls of teleportation
 C - 9 scrolls of immolation
 I - 4 scrolls of magic mapping
 N - a scroll of summoning
 O - 2 scrolls of acquirement
 U - 8 scrolls of fear
Potions
 i - 2 potions of heal wounds
 k - 2 potions of haste
 m - a potion of invisibility
 n - 18 potions of curing
 t - a potion of brilliance
 x - 2 potions of might
 A - 2 potions of berserk rage
 E - 5 potions of cancellation
 M - 5 potions of lignification
 P - a potion of resistance
Miscellaneous
 e - a tin of tremorstones (2/2)
 G - a lightning rod (4/4)
 X - a phantom mirror


   Skills:
 - Level 16.7(21.1) Fighting
 * Level 9.9(13.7) Short Blades
 - Level 16.6(20.0) Polearms
 - Level 1.1(3.8) Slings
 - Level 4.8(7.5) Throwing
 - Level 3.1(9.2) Armour
 + Level 16.7(22.2) Dodging
 - Level 13.5(19.3) Stealth
 - Level 13.2(20.0) Shields
 + Level 8.3(13.4) Spellcasting
 - Level 7.9(10.6) Summonings
 - Level 4.1 Translocations
 - Level 13.4 Transmutations
 - Level 4.5(7.1) Ice Magic
 - Level 4.6(7.1) Air Magic
 - Level 4.2(6.7) Earth Magic
 - Level 4.1 Poison Magic
 - Level 13.6(15.9) Evocations


You had 44 spell levels left.
You knew the following spells:

 Your Spells              Type           Power      Damage    Failure   Level
a - Blink                 Tloc           N/A        N/A       1%          2

Your spell library contained the following spells:

 Spells                   Type           Power      Damage    Failure   Level
 Freeze                   Ice            100%       1d11      1%          1
 Summon Small Mammal      Summ           100%       N/A       1%          1
 Call Imp                 Summ           44%        N/A       1%          2
 Frozen Ramparts          Ice            66%        1d8       1%          3
 Summon Ice Beast         Ice/Summ       39%        N/A       1%          4
 Ensorcelled Hibernation  Hex/Ice        44%        N/A       2%          2
 Summon Guardian Golem    Hex/Summ       27%        N/A       2%          3
 Lesser Beckoning         Tloc           12%        N/A       3%          3
 Mephitic Cloud           Conj/Pois/Air  22%        N/A       4%          3
 Corona                   Hex            11%        N/A       7%          1
 Magic Dart               Conj           40%        1d5       7%          1
 Summon Forest            Summ/Tloc      17%        N/A       10%         5
 Slow                     Hex            10%        N/A       11%         2
 Hailstorm                Conj/Ice       22%        3d7       17%         4
 Statue Form              Tmut/Erth      28%        N/A       17%         6
 Vampiric Draining        Necr           5%         2d6       19%         3
 Leda's Liquefaction      Hex/Erth       10%        N/A       19%         4
 Confusing Touch          Hex            10%        N/A       22%         3
 Tukima's Dance           Hex            10%        N/A       22%         3
 Summon Mana Viper        Hex/Summ       27%        N/A       22%         5
 Eringya's Noxious Bog    Tmut/Pois      19%        N/A       30%         6
 Manifold Assault         Tloc           24%        N/A       34%         5
 Borgnjor's Vile Clutch   Necr/Erth      11%        N/A       43%         5
 Animate Dead             Necr           5%         N/A       52%         4
 Bolt of Magma            Conj/Fire/Erth 9%         4d7       58%         5
 Monstrous Menagerie      Summ           22%        N/A       61%         7
 Summon Hydra             Summ           22%        N/A       61%         7
 Iskenderun's Battlesphe  Conj           10%        2d6       89%         5
 Iron Shot                Conj/Erth      10%        9d3       95%         6
 Death Channel            Necr           5%         N/A       100%        6
 Spellforged Servitor     Conj/Summ      13%        N/A       100%        7


Dungeon Overview and Level Annotations

Branches:
Dungeon (15/15)            Temple (1/1) D:5            Lair (6/6) D:11
 Shoals (4/4) Lair:3       Spider (4/4) Lair:4        Slime (0/5) Lair:5
    Orc (2/2) D:9             Elf (0/3) Orc:2        Vaults (3/5) D:14
  Crypt (0/3) Vaults:2     Depths (0/5) D:15          Sewer (visited)
Ossuary (visited)

Altars:
Ashenzari
Cheibriados
Dithmenos
Elyvilon
Fedhas
Gozag
Hepliaklqana
Kikubaaqudgha
Makhleb
Nemelex Xobeh
Okawaru
Qazlal
Ru
Sif Muna
Trog
Uskayaw
Vehumet
Wu Jian
Xom
Yredelemnul
Zin
The Shining One
Jiyva

Shops:
D:2 ?   D:12 !   D:14 *   Orc:2 [(*[   Shoals:1 =   Shoals:2 **[   Shoals:3 =
Vaults:1 *

Portals:
Abyss: Lair:6
Trove: D:10 (give +3 fire dragon scales)

Annotations:
D:10 1 exclusion
D:12 exclusion: downstairs
D:13 exclusion: 2 downstairs
D:14 exclusion: downstairs
Lair:6 2 transporters, DrStoges's ghost, journeyman GnFE
Vaults:1 2 transporters


Innate Abilities, Weirdness & Mutations

((You are quick and stealthy near water. (Stealth+, EV+, Speed+++)))
Your lower body shifts to a powerful aquatic tail in water.


Message History

The ironbound thunderhulk completely misses you.
The vault warden hits you but does no damage.
The ironbound convoker hits you with a +0 morningstar!
The yaktaur captain hits you but does no damage.
The vault warden hits you but does no damage.
The ironbound thunderhulk hits you with a +0 dire flail.
The ironbound convoker hits you with a +0 morningstar!
The yaktaur captain hits you!!
The vault warden activates a sealing rune.
The ironbound thunderhulk hits you with a +0 dire flail!
The ironbound convoker hits you with a +0 morningstar!
The yaktaur captain hits you!
The runic seal fades away.
The ironbound convoker hits you with a +0 morningstar!
The vault warden hits you with a +0 long sword!!
The ironbound thunderhulk barely misses you.
The yaktaur captain hits you!!
The vault warden hits you with a +0 long sword!
The ironbound thunderhulk hits you with a +0 dire flail.
The ironbound convoker hits you with a +0 morningstar!
* * * LOW HITPOINT WARNING * * *
The yaktaur captain hits you!
* * * LOW HITPOINT WARNING * * *
The ironbound thunderhulk hits you with a +0 dire flail!
* * * LOW HITPOINT WARNING * * *
The vault warden hits you with a +0 long sword!!
* * * LOW HITPOINT WARNING * * *
The ironbound convoker completely misses you.
The yaktaur captain hits you but does no damage.
The ironbound thunderhulk hits you with a +0 dire flail!!
* * * LOW HITPOINT WARNING * * *
The vault warden activates a sealing rune.
The ironbound convoker hits you with a +0 morningstar!!
* * * LOW HITPOINT WARNING * * *
The yaktaur captain hits you!!
* * * LOW HITPOINT WARNING * * *
The ironbound thunderhulk hits you with a +0 dire flail!
* * * LOW HITPOINT WARNING * * *
The vault warden hits you with a +0 long sword!!
You die...

...#...#........#.......
,,*
####...########'#.....).
,
........................
,,* ,,
.................... ,,*
' * ######'############*
* , , ##...######### ,,
###...########### ,
#......)+.p.†...# , *
#......[#@Oc....# ,
#.......#cp.....# ,,*
###...###c..8...# *
#...###.......# *
###'###.......# * ...
+.......# { ..
.##+######* * ,,, , ,..
, , * ** ** ,, * ). ,*


You could see a vault warden, an ironbound thunderhulk (drained), 2 yaktaur
captains, an ironbound convoker (drained) and a yaktaur.

Vanquished Creatures
  Mara (Spider:4)
  An ancient lich (Vaults:3)
  Rupert (Lair:3)
  Jorgrun (D:13)
  An acid blob (shapeshifter) (D:13)
  A kraken (Shoals:3)
  An ancient champion (Vaults:2)
  A sphinx (D:13)
  Gastronok (Lair:1)
  A ghost moth (Spider:2)
  14 vault wardens
  6 emperor scorpions
  A war gargoyle (Vaults:2)
  3 very ugly things (Vaults:2)
  8 ironbound preservers
  A stone giant (Vaults:2)
  Nessos (D:14)
  A vampire knight (Vaults:2)
  4 dire elephants
  An entropy weaver (Spider:3)
  Azrael (D:14)
  A spark wasp (Spider:2)
  3 merfolk javelineers (Shoals:4)
  Snorg (Lair:4)
  A crystal guardian (Vaults:1)
  9 merfolk impalers
  Josephine (D:12)
  4 yaktaur captains
  A naga warrior (D:14)
  An ironbound thunderhulk (Vaults:3)
  An ice dragon (Lair:6)
  3 great orbs of eyes
  2 peacekeepers
  12 hydras
  2 ironbound frosthearts
  6 boulder beetles
  3 vault guards
  3 alligator snapping turtles
  13 centaur warriors
  A catoblepas (D:13)
  4 merfolk avatars
  An ogre mage (D:15)
  2 merfolk aquamancers
  11 two-headed ogres
  3 death yaks
  2 vampire magi
  An alligator (Shoals:2)
  2 death knights
  The ghost of Renzlar the Blocker, a novice GnFi of Okawaru (D:8)
  The ghost of DemonSlayer the Cleaver, a novice DsBe of Trog (D:8)
  6 ironbound beastmasters
  5 orc high priests (Orc:2)
  The ghost of beerice the Cleaver, a novice MiBe of Trog (D:8)
  A goliath frog (Shoals:2)
  2 skeletal warriors (D:15)
  A glowing orange brain (Vaults:1)
  26 deep trolls
  5 wizards
  10 sea snakes
  A naga ritualist (D:14)
  5 necromancers
  11 lindwurms
  10 orb spiders
  Pikel (D:5)
  18 harpies
  3 deep elf pyromancers
  10 ironbound convokers
  9 orc knights
  A deep elf zephyrmancer (D:10)
  A faun (Shoals:2)
  32 wolf spiders
  The ghost of Fractals the Sneak, a novice DsBr of Gozag (D:8)
  3 frost giant zombies
  19 manticores
  A fire giant zombie (D:15)
  7 orc sorcerers
  13 ugly things
  A stone giant zombie (D:15)
  10 cyclopes
  10 elephants
  A guardian serpent (Lair:6)
  A centaur zombie (D:11)
  A moth of wrath (Spider:4)
  5 merfolk sirens
  7 water nymphs
  A fire giant skeleton (D:15)
  10 black mambas
  A black mamba (shapeshifter) (D:15)
  14 vault sentinels
  A gargoyle (D:12)
  13 cane toads
  9 torpor snails
  An unseen horror (D:13)
  A yaktaur zombie (Vaults:1)
  29 yaktaurs
  A rime drake (Lair:4)
  8 komodo dragons
  13 demonic crawlers
  A freezing wraith (D:14)
  2 tengu conjurers (D:14)
  29 jumping spiders
  A human skeleton (Vaults:1)
  A hornet (shapeshifter) (D:13)
  3 tyrant leeches (Lair:6)
  9 wind drakes
  26 merfolk
  2 polar bears
  3 trolls
  A meliai (D:13)
  An ettin zombie (Vaults:3)
  11 hornets
  15 blink frogs
  28 slime creatures
  21 dream sheep
  11 snapping turtles
  60 redbacks
  A shadow (D:11)
  2 centaur simulacra
  7 water elementals
  28 tarantellas
  A spriggan (D:13)
  An ettin skeleton (Vaults:3)
  7 wraiths
  Eustachio (D:5)
  48 yaks
  14 wyverns
  3 vampires
  2 fire elementals (D:14)
  16 humans
  2 steam dragons (D:9)
  2 elf zombies
  Grum (D:10)
  9 vampire mosquitoes
  8 basilisks
  5 wargs
  A harpy simulacrum (D:15)
  2 nagas (D:14)
  5 acid dragons
  22 water moccasins
  4 hell hounds (D:14)
  A floating eye (shapeshifter) (D:13)
  29 orc warriors
  2 swamp drakes
  An ice beast (D:6)
  3 black bears
  2 human zombies
  A sky beast (D:6)
  A necrophage (D:7)
  15 wolves
  10 centaurs
  9 boggarts
  5 ogres
  A phantom (D:5)
  A kobold brigand (D:9)
  9 bullfrogs
  A scorpion (D:4)
  2 wyvern zombies
  A wyvern skeleton (D:7)
  2 human simulacra
  2 water moccasin skeletons
  4 killer bees (D:9)
  4 wights (Ossuary)
  An electric eel (D:15)
  3 howler monkeys
  A crimson imp (D:10)
  A hound (D:4)
  A centaur skeleton (D:7)
  A gnoll shaman (D:5)
  A bullfrog skeleton (D:5)
  12 orc priests
  An iron imp (D:10)
  A jelly (D:6)
  Crazy Yiuf (D:6)
  Jessica (D:3)
  3 iguanas
  32 orc wizards
  A killer bee zombie (D:8)
  A hound zombie (D:5)
  A hound skeleton (D:4)
  A howler monkey zombie (D:8)
  5 adders
  7 gnolls
  A shadow imp (D:10)
  4 white imps
  5 ufetubi
  An adder zombie (Ossuary)
  An adder skeleton (D:4)
  8 worms
  A dart slug (D:4)
  68 orcs
  8 ball pythons
  10 endoplasms
  8 giant cockroaches
  5 goblins
  12 hobgoblins
  14 jackals
  4 kobolds
  4 quokkas
  3 ball python skeletons (Ossuary)
  19 bats
  5 frilled lizards
  A hobgoblin skeleton (Ossuary)
  2 kobold zombies (Ossuary)
  An orc zombie (Ossuary)
  A quokka skeleton (D:4)
  6 rats
1279 creatures vanquished.

Vanquished Creatures (others)
  A tarantella (Spider:3)
  A redback (Spider:4)
  A boggart (D:15)
  42 fungi
  83 plants
  4 tentacles (Shoals:3)
  10 withered plants
142 creatures vanquished.

Grand Total: 1421 creatures vanquished

Notes
Turn   | Place    | Note
-------+----------+-------------------------------------------
     0 | D:1      | chmiii the Merfolk Gladiator began the quest for the Orb.
     0 | D:1      | Reached XP level 1. HP: 16/16 MP: 1/1
   260 | D:1      | Reached XP level 2. HP: 22/23 MP: 2/2
   293 | D:1      | Reached skill level 5 in Polearms
   542 | D:1      | Reached XP level 3. HP: 28/28 MP: 3/3
  1266 | D:2      | Found Yqavuc's Magic Scroll Boutique.
  1272 | D:2      | Bought a scroll of identify for 22 gold pieces
  1573 | D:2      | Reached XP level 4. HP: 34/34 MP: 4/4
  1737 | D:2      | Bought a scroll of identify for 22 gold pieces
  2366 | D:3      | Reached skill level 5 in Dodging
  2412 | D:3      | Reached XP level 5. HP: 41/41 MP: 5/5
  2613 | D:3      | Noticed Jessica
  2616 | D:3      | Killed Jessica
  2702 | D:4      | Identified the +0 pair of gloves "Oriq Ziuso" {rC++ Str+7}
  2829 | D:4      | Reached XP level 6. HP: 9/48 MP: 6/6
  3418 | D:4      | Noticed a black bear
  3459 | D:4      | Killed a black bear
  3460 | D:4      | Reached XP level 7. HP: 34/55 MP: 7/7
  4134 | D:5      | Entered Level 5 of the Dungeon
  4376 | D:5      | Noticed Eustachio
  4388 | D:5      | Killed Eustachio
  4389 | D:5      | Reached skill level 5 in Fighting
  4389 | D:5      | Reached skill level 1 in Shields
  4569 | D:5      | Reached skill level 10 in Polearms
  4569 | D:5      | Reached XP level 8. HP: 43/62 MP: 8/8
  4916 | D:5      | Found a staircase to the Ecumenical Temple.
  4928 | Temple   | Entered the Ecumenical Temple
  5044 | Temple   | Became a worshipper of Ashenzari the Shackled
  5119 | D:5      | Noticed Pikel
  5142 | D:5      | Killed Pikel
  5729 | D:5      | Found a radiant altar of Vehumet.
  6194 | D:6      | Found a glowing drain.
  6211 | Sewer    | Entered a sewer
  6843 | D:6      | Reached XP level 9. HP: 70/70 MP: 9/9
  7170 | D:6      | Reached skill level 1 in Armour
  7329 | D:6      | Reached * piety under Ashenzari
  7330 | D:6      | Found a runed translucent door.
  7331 | D:6      | Noticed Crazy Yiuf
  7473 | D:6      | Killed Crazy Yiuf
  7567 | D:7      | Noticed a hornet
  7569 | D:7      | Paralysed by a hornet for 3 turns
  7799 | D:7      | Found a sand-covered staircase.
  7804 | Ossuary  | Entered an ossuary
  8125 | Ossuary  | Identified a scroll of acquirement
  8395 | Ossuary  | Acquired the +10 demon trident of the Devouring Spider
                  | {drain, rElec rF+ Str-5}
  8525 | Ossuary  | Reached skill level 5 in Shields
  8732 | D:7      | Paralysed by a hornet for 1 turns
  8738 | D:7      | Killed a hornet
  9014 | D:7      | Found a burning altar of Makhleb.
  9014 | D:7      | Found a blossoming altar of Fedhas.
  9022 | D:7      | Found a hazy altar of Hepliaklqana.
  9024 | D:7      | Found a faded altar of an unknown god.
  9026 | D:7      | Found a shimmering blue altar of Sif Muna.
  9575 | D:8      | Identified the +1 leather armour "Goxoirupn" {Will+}
  9937 | D:8      | Reached XP level 10. HP: 71/79 MP: 10/10
 10278 | D:8      | Reached skill level 1 in Poison Magic
 10279 | D:8      | Found a runed translucent gate.
 10279 | D:8      | Found a runed translucent gate.
 10279 | D:8      | Found a runed translucent gate.
 10279 | D:8      | Noticed DemonSlayer's ghost (novice DsBe)
 10279 | D:8      | Noticed Fractals's ghost (novice DsBr)
 10282 | D:8      | Noticed Renzlar's ghost (novice GnFi)
 10282 | D:8      | Noticed beerice's ghost (novice MiBe)
 10378 | D:9      | Reached skill level 1 in Transmutations
 11477 | D:9      | Found a staircase to the Orcish Mines.
 11665 | D:10     | Entered Level 10 of the Dungeon
 11824 | D:10     | Noticed a deep elf zephyrmancer
 11832 | D:10     | Killed a deep elf zephyrmancer
 11833 | D:10     | Reached skill level 1 in Stealth
 11839 | D:10     | Identified the +2 hat of the Heron {Harm rN+ Int-2}
 11839 | D:10     | Noticed a deep elf pyromancer
 11841 | D:10     | Killed a deep elf pyromancer
 12091 | D:10     | Found a portal to a secret trove of treasure.
 12160 | D:10     | Found a white marble altar of Elyvilon.
 12323 | D:10     | Found a hide-covered altar of Uskayaw.
 12438 | D:10     | Noticed Grum
 12453 | D:10     | Reached XP level 11. HP: 73/84 MP: 11/11
 12455 | D:10     | Killed Grum
 12607 | D:10     | Noticed a centaur warrior
 12607 | D:10     | Noticed a deep elf pyromancer
 12881 | D:10     | Killed a deep elf pyromancer
 12882 | D:10     | Reached skill level 5 in Transmutations
 13028 | D:10     | Noticed a two-headed ogre
 13028 | D:10     | Noticed a cyan ugly thing
 13290 | D:10     | Killed a two-headed ogre
 13444 | D:11     | Noticed an eight-headed hydra
 13448 | D:11     | Killed an eight-headed hydra
 13579 | D:11     | Noticed a cyclops
 13596 | D:11     | Killed a cyclops
 13881 | D:11     | Found a staircase to the Lair.
 13894 | D:11     | Reached skill level 1 in Evocations
 14251 | Lair:1   | Entered Level 1 of the Lair of Beasts
 14540 | Lair:1   | Noticed Gastronok
 14626 | Lair:1   | Killed Gastronok
 14627 | Lair:1   | Reached skill level 10 in Dodging
 14627 | Lair:1   | Reached XP level 12. HP: 20/94 MP: 12/12
 16116 | Lair:2   | Reached skill level 1 in Ice Magic
 16476 | Lair:2   | Noticed a death yak
 16585 | Lair:2   | Reached ** piety under Ashenzari
 16681 | Lair:3   | Killed a death yak
 16692 | Lair:3   | Reached skill level 1 in Spellcasting
 16881 | Lair:2   | Noticed an eight-headed hydra
 16891 | Lair:2   | Killed an eight-headed hydra
 17420 | Lair:3   | Noticed Rupert
 17432 | Lair:3   | Killed Rupert
 17433 | Lair:3   | Reached skill level 10 in Fighting
 17433 | Lair:3   | Reached XP level 13. HP: 106/106 MP: 16/19
 17513 | Lair:3   | Reached skill level 1 in Short Blades
 17607 | Lair:3   | Found a staircase to the Shoals.
 17630 | Lair:3   | Reached skill level 1 in Air Magic
 18863 | Lair:4   | Found a hole to the Spider Nest.
 18868 | Lair:4   | Identified the Papyrus of Creation
 19244 | Lair:4   | Noticed Snorg
 19283 | Lair:4   | Killed Snorg
 19488 | Lair:4   | Reached skill level 5 in Short Blades
 20134 | Lair:5   | Acquired a manual of Evocations
 20235 | Lair:5   | Reached skill level 5 in Evocations
 20248 | Lair:5   | Reached XP level 14. HP: 116/116 MP: 23/23
 20494 | Lair:5   | Found a runed translucent door.
 20494 | Lair:5   | Found a viscous altar of Jiyva.
 20494 | Lair:5   | Found a staircase to the Slime Pits.
 20773 | Lair:6   | Entered Level 6 of the Lair of Beasts
 20782 | Lair:6   | Identified the cursed +0 pair of boots "Lifelessness of the
                  | Sky" {Self, Range} (You found it on level 1 of the Lair of
                  | Beasts)
 21337 | Lair:6   | Reached skill level 10 in Evocations
 21702 | Lair:6   | Found a runed translucent door.
 21897 | Lair:6   | Paralysed by a hornet for 2 turns
 22201 | Lair:6   | Found a one-way gate to the infinite horrors of the Abyss.
 22201 | Lair:6   | Noticed DrStoges's ghost (journeyman GnFE)
 22225 | Lair:6   | Found a transporter.
 22225 | Lair:6   | Found a transporter.
 22578 | Lair:6   | Reached XP level 15. HP: 127/127 MP: 24/24
 23111 | D:8      | Killed Renzlar's ghost
 23121 | D:8      | Killed DemonSlayer's ghost
 23133 | D:8      | Killed beerice's ghost
 23140 | D:8      | Killed Fractals's ghost
 23491 | D:2      | Bought a scroll of teleportation for 33 gold pieces
 23491 | D:2      | Bought a scroll of teleportation for 33 gold pieces
 23823 | D:12     | Identified the +7 falchion of Mayhem {venom, rF- rCorr
                  | Stlth+}
 24053 | D:12     | Found Wevuuruu's Distillery.
 24061 | D:12     | Bought a potion of curing for 48 gold pieces
 24061 | D:12     | Bought a potion of heal wounds for 80 gold pieces
 24061 | D:12     | Bought a potion of cancellation for 128 gold pieces
 24061 | D:12     | Bought a potion of berserk rage for 80 gold pieces
 24100 | D:12     | Reached skill level 1 in Earth Magic
 24153 | D:12     | Noticed Josephine
 24180 | D:12     | Reached skill level 5 in Stealth
 24182 | D:12     | Killed Josephine
 25130 | Lair:1   | Reached *** piety under Ashenzari
 25467 | D:13     | Paralysed by an orc sorcerer for 3 turns
 25561 | D:13     | Noticed Jorgrun
 25592 | D:13     | Killed Jorgrun
 26133 | D:13     | Noticed a shadow dragon
 26309 | Orc:1    | Entered Level 1 of the Orcish Mines
 26675 | Orc:2    | Entered Level 2 of the Orcish Mines
 26740 | Orc:2    | Found a staircase to the Elven Halls.
 27182 | Orc:2    | Found Lavuank's Antique Armour Emporium.
 27392 | Orc:2    | Paralysed by an orc sorcerer for 7 turns
 27485 | Orc:2    | Found Dotuiwar's Antique Armour Emporium.
 27488 | Orc:2    | Reached skill level 10 in Shields
 27685 | Orc:2    | Found Vive's Assorted Antiques.
 27685 | Orc:2    | Found Xexuku's Weapon Boutique.
 27741 | Orc:2    | Bought a grey potion for 24 gold pieces
 27824 | Orc:1    | Reached XP level 16. HP: 125/138 MP: 24/27
 28229 | D:13     | Noticed an acid blob
 28230 | D:13     | Noticed a sphinx
 28246 | D:13     | Killed an acid blob
 28252 | D:13     | Killed a sphinx
 28543 | D:14     | Noticed Nessos
 28543 | D:14     | Found a gate to the Vaults.
 28887 | D:14     | Noticed Azrael
 28918 | D:14     | Reached skill level 15 in Fighting
 28928 | D:14     | Killed Azrael
 29013 | D:14     | Killed Nessos
 29500 | D:14     | Found Unud's Serpentskin Sales.
 29594 | D:14     | Bought 13 poisoned darts for 78 gold pieces
 29594 | D:14     | Bought 7 curare-tipped darts for 63 gold pieces
 29645 | D:15     | Entered Level 15 of the Dungeon
 30019 | D:15     | Found a staircase to the Depths.
 30391 | D:15     | Found an opulent altar of Gozag.
 30393 | D:15     | Found Kywneut's Jewellery Boutique.
 30396 | D:15     | Found an opulent altar of Gozag.
 30396 | D:15     | Found an opulent altar of Gozag.
 30406 | D:15     | Identified the +2 robe of Ruerrirgheg {Fly rN+ Slay+3}
 30465 | D:15     | Found an opulent altar of Gozag.
 30560 | D:15     | Paralysed by an ogre mage for 4 turns
 31086 | D:15     | Reached **** piety under Ashenzari
 31653 | Spider:1 | Entered Level 1 of the Spider Nest
 31658 | Spider:1 | Reached skill level 5 in Spellcasting
 31660 | Spider:1 | Reached XP level 17. HP: 151/151 MP: 29/29
 31703 | Spider:1 | Reached skill level 15 in Polearms
 31935 | Spider:1 | Found the +13 scythe of Curses {drain, Drain}
 32625 | Spider:2 | Reached ***** piety under Ashenzari
 33930 | Spider:3 | Identified the +7 mace "Lafyw" {venom, rF+ Int+5 Dex-3}
 34402 | Spider:4 | Entered Level 4 of the Spider Nest
 35057 | Spider:4 | Reached XP level 18. HP: 162/166 MP: 31/34
 35084 | Spider:4 | Got a gossamer rune of Zot
 35107 | Spider:4 | Noticed Mara
 35116 | Spider:4 | Noticed chmiii's illusion
 35140 | Spider:4 | Killed Mara
 35141 | Spider:4 | Reached skill level 10 in Stealth
 35480 | Shoals:1 | Entered Level 1 of the Shoals
 35602 | Shoals:1 | Found Eqa Vesiu's Jewellery Shop.
 36208 | Shoals:2 | Found Ygroavy's General Store.
 36211 | Shoals:2 | Found Sicikh's Assorted Antiques.
 36229 | Shoals:2 | Bought a wand of digging (8) for 360 gold pieces
 36229 | Shoals:2 | Bought a scroll of teleportation for 45 gold pieces
 36229 | Shoals:2 | Bought a potion of might for 60 gold pieces
 36229 | Shoals:2 | Bought a throwing net for 45 gold pieces
 36229 | Shoals:2 | Bought a scroll of magic mapping for 52 gold pieces
 36232 | Shoals:2 | Bought a potion of curing for 93 gold pieces
 36232 | Shoals:2 | Bought a potion of curing for 93 gold pieces
 36399 | Shoals:2 | Reached skill level 10 in Transmutations
 36617 | Shoals:2 | Reached skill level 1 in Summonings
 36756 | Shoals:2 | Found Adicisech's Armour Emporium.
 37095 | Shoals:3 | Found Kixuleb's Jewellery Emporium.
 37095 | Shoals:3 | Identified the +1 pair of gloves of Ogone {Stlth+}
 37103 | Shoals:3 | Bought the ring "Nuikkuc" {rPois Int+6 Dex+9} for 1417 gold
                  | pieces
 37819 | Shoals:4 | Entered Level 4 of the Shoals
 38288 | Shoals:4 | Reached XP level 19. HP: 60/172 MP: 9/35
 38420 | Shoals:4 | Got a barnacled rune of Zot
 39310 | Vaults:1 | Entered Level 1 of the Vaults
 39322 | D:14     | Reached skill level 5 in Summonings
 39741 | Vaults:1 | Paralysed by a great orb of eyes for 7 turns
 40110 | Vaults:1 | Identified the +0 hat "Xonoxes" {Contam rN+ Dex+3}
 40113 | Vaults:1 | Found a transporter.
 40117 | Vaults:1 | Identified the Guide on Intoxication and Flames
 40125 | Vaults:1 | Found a transporter.
 40249 | Vaults:1 | Found Tuwiyrch's Assorted Antiques.
 40280 | Vaults:1 | Learned a level 2 spell: Blink
 40610 | Vaults:1 | Reached skill level 1 in Translocations
 40977 | Vaults:2 | Reached skill level 15 in Dodging
 41308 | Vaults:2 | Paralysed by a great orb of eyes for 5 turns
 41332 | Vaults:2 | Reached XP level 20. HP: 167/180 MP: 29/36
 41778 | Vaults:2 | Found a staircase to the Crypt.
 41835 | Vaults:2 | Reached skill level 1 in Slings
 41944 | Vaults:2 | Identified the +3 dagger of Invincibility {vorpal, rElec
                  | rPois Will+ Dex-5}
 43434 | Vaults:3 | Noticed an ancient lich
 43451 | Vaults:3 | Killed an ancient lich
 43452 | Vaults:3 | Reached XP level 21. HP: 169/186 MP: 32/38
 43463 | Vaults:3 | HP: 8/186 [ironbound thunderhulk (5)]
 43463 | Vaults:3 | Slain by a vault warden

Illustrated notes

Levels and vault maps discovered:
D:1:      dpeg_arrival_more_subterranean_lakeside_camping, layout_loops_corners
D:2:      layout_loops_ring, serial_shops, shop
D:3:      layout_basic, hex_intersection, st_stairs_14, minmay_cupped,
          uniq_jessica
D:4:      layout_cave_pods, minmay_strange_pillars
D:5:      layout_basic, kennysheep_mini, minmay_temple_entry_glassed_door,
          uniq_pikel, uniq_eustachio
D:6:      layout_basic, cheibrodos_sewer_entry_bend, uniq_crazy_yiuf_cottage
D:7:      layout_cave_pods, chequers_temple_overflow_minitemple,
          nicolae_ossuary_entry_plus
D:8:      layout_basic, gammafunk_ghost_cemetery
D:9:      layout_gridville, erik_orc_1, kennysheep_small_square
D:10:     wad_arrow_thing, layout_loops_corners,
          mainiacjoe_overflow_cross_hatched, nicolae_overflow_crystal_walls,
          nicolae_trove_entry_columns, hangedman_minor_magic, uniq_grum
D:11:     layout_rooms, david_lair_generic, chequers_serial_rivers_room_a
D:12:     layout_layer_cave, serial_shops, nicolae_square_shop, uniq_josephine
D:13:     thingy_vault, layout_small_grid, minivault_22, the_hattery,
          uniq_jorgrun
D:14:     layout_loops_ring, david_vaults_3, grunt_decor_mini_mirrors,
          guppyfry_shop_venom, uniq_azrael
D:15:     gammafunk_depths_entry_grave, layout_grid_maze, serial_shops,
          nicolae_shop_waterfront, nicolae_gozag_conspicuous_consumption,
          lightli_minifort
Temple:   regret_index_temple_waves
Lair:1:   layout_chaotic_city, pond, grunt_megastairs_2,
          infiniplex_staircase_pool_2, uniq_gastronok
Lair:2:   layout_chaotic_city
Lair:3:   layout_concentric_octagons, minmay_shoals_entry_beasts,
          gauntlet_entry_generic, uniq_rupert
Lair:4:   layout_small_grid, spider_nest_entry_web_field, grunt_megastairs_5,
          uniq_snorg
Lair:5:   layout_regular_city, slime_altar_2
Lair:6:   hangedman_lair_tendril_chambers, layout_hall_layers, wormcave,
          serial_rivers, chequers_serial_rivers_marsh,
          chequers_serial_rivers_micro_e, chequers_serial_rivers_small_3,
          chequers_serial_rivers_small_a, chequers_serial_rivers_small_a,
          chequers_serial_rivers_small_3, gammafunk_ghost_abyssal_escape
Shoals:1: layout_shoals, minmay_shop_enchanted_jewellery
Shoals:2: layout_shoals, serial_shops, shop, shop_fountains, nicolae_shop_stone,
          nicolae_shoals_goliath_grotto
Shoals:3: layout_shoals, serial_shops, nicolae_diamond_shop
Shoals:4: shoals_end_hangedman, layout_shoals
Spider:1: layout_spider_delve
Spider:2: layout_spider_delve, hangedman_spider_tarantella_strand
Spider:3: layout_spider_delve, einodemon_crawler_minivault
Spider:4: grunt_spider_rune_circles, drop_trap, nicolae_spider_nook, uniq_mara
Orc:1:    layout_caves
Orc:2:    st_orc_elflike, layout_caves, nooodl_orcs_dogs
Vaults:1: gammafunk_the_bubble [the_bubble_gammafunk_plus_minus],
          ontoclasm_vaults_twist, hangedman_vaults_snaps,
          nicolae_vaults_yaktaur_gun_rack, vaults_mumra_chevron,
          nicolae_vaults_alarming, nicolae_vaults_three_branches,
          hangedman_vaults_cutoff, vaults_room_semicircle, vaults_dpeg_diagonal,
          dpeg_vaults_monster_box, layout_vaults_omnigrid, serial_shops,
          nicolae_shop_competitors_out_of_business
Vaults:2: v_misc_22, v_alt_pattern_1, v_misc_19, vaults_mumra_minichess,
          nicolae_vaults_border_crossing, ontoclasm_vaults_chip,
          minmay_crypt_entry_simple_round, st_lattice, vaults_room_pool,
          layout_vaults_chaotic_city
Vaults:3: v_rooms_4, hangedman_vaults_river_flow, vaults_room_fours,
          nicolae_vaults_network_star, hangedman_vaults_capsules,
          vaults_room_pools, grunt_vaults_focal, vaults_room_pools,
          nicolae_vaults_branching_niches, vaults_room_hallway, serial_ice_h,
          ontoclasm_vaults_idyll, layout_vaults_omnicross, serial_shops, shop

Skill      XL: |  1  2  3  4  5  6  7  8  9 10 11 12 13 14 15 16 17 18 19 20 |
---------------+-------------------------------------------------------------+-----
Polearms       | 5 6 7 8 10 11 12 13 14 16 | 16.6
Fighting       | 3 4 5 6 7 8 10 11 13 14 15 16 | 16.7
Dodging        | 5 6 7 10 11 13 15 16 | 16.7
Shields        | 1 3 6 8 9 10 13 | 13.2
Armour         | 2 3 |  3.1
Poison Magic   | 3 4 |  4.1
Transmutations | 4 6 8 11 13 | 13.4
Stealth        | 2 4 7 9 11 13 | 13.5
Evocations     | 3 4 5 11 13 | 13.6
Ice Magic      | 3 4 |  4.5
Spellcasting   | 2 4 5 7 8 |  8.3
Short Blades   | 5 9 |  9.9
Air Magic      | 4 |  4.6
Earth Magic    | 3 4 |  4.2
Throwing       | 4 |  4.8
Summonings     | 3 7 |  7.9
Translocations | 2 4 |  4.1
Slings         | 1 |  1.1

Action                   |  1- 3 |  4- 6 |  7- 9 | 10-12 | 13-15 | 16-18 | 19-21 || total
-------------------------+-------+-------+-------+-------+-------+-------+-------++-------
Melee: Trident           |   127 |   113 |   376 |       |       |       |       ||   616
       Tailslap          |       |       |     4 |       |    11 |    18 |    20 ||    53
       Demon trident     |       |       |    29 |   413 |  1106 |  1605 |  1072 ||  4225
       Dagger            |       |       |       |       |       |       |     7 ||     7
 Fire: Hunting sling     |       |       |       |    36 |    22 |     4 |       ||    62
       Fustibalus        |       |       |       |       |       |       |     2 ||     2
Throw: Boomerang         |     3 |    43 |    55 |    57 |    57 |   135 |       ||   350
       Dart              |       |     9 |    11 |    22 |     6 |     2 |       ||    50
       Throwing net      |       |     1 |       |     1 |       |       |       ||     2
       Javelin           |       |       |       |     2 |     3 |    12 |     3 ||    20
Invok: Curse Item        |       |       |     2 |     2 |     2 |     4 |       ||    10
       Shatter the Chain |       |       |       |     1 |       |       |       ||     1
Evoke: Wand              |       |       |       |       |     1 |     7 |     2 ||    10
  Use: Scroll            |       |     4 |     6 |     1 |     5 |     3 |     4 ||    23
       Potion            |       |       |     3 |     1 |     6 |     6 |       ||    16
 Stab: Sleeping          |       |     1 |     3 |     4 |    20 |    57 |    24 ||   109
       Distracted        |       |       |       |     1 |     3 |     5 |     4 ||    13
       Confused          |       |       |       |     1 |       |       |       ||     1
       Held in net/web   |       |       |       |       |     1 |     2 |       ||     3
Armor: Leather armour    |    27 |    16 |    32 |    24 |       |       |       ||    99
       Ring mail         |       |    11 |    55 |       |       |       |       ||    66
       Acid dragon scale |       |       |       |    19 |    20 |       |       ||    39
       Troll leather arm |       |       |       |       |   122 |   283 |    51 ||   456
Dodge: Dodged            |    65 |    60 |   147 |   142 |   481 |  1059 |   470 ||  2424
Block: Kite shield       |       |       |   207 |   172 |   469 |  1028 |   459 ||  2335
